[Event "*** Titled Tuesday Blitz"]
[Site "Chess.com"]
[Date "2020.05.05"]
[Round "10"]
[White "smshk35"]
[Black "madalin18"]
[Result "1-0"]
[WhiteElo "2379"]
[BlackElo "2175"]
[TimeControl "180+1"]
[EndTime "11:57:05 PDT"]
[Termination "smshk35 won by checkmate"]

1. e4 c5 2. Nf3 d6 3. d4 cxd4 4. Nxd4 Nf6 5. Nc3 a6 6. Bc4 e6 7. Bb3 Be7 8. g4 O-O 9. g5 Ne8 10. h4 Nc6 11. Be3 Bd7 12. Qd2 Rc8 13. O-O-O Ne5 14. f4 Nc4 15. Qe2 Nxe3 16. Qxe3 b5 17. f5 b4 18. fxe6 bxc3 19. exd7 cxb2+ 20. Kb1 Qxd7 21. Nf5 Nc7 22. h5 Ne6 23. g6 Kh8 24. h6 fxg6 25. hxg7+ Nxg7 26. Nxg7 Kxg7 27. Qh6+ Kf6 28. Rhf1+ Ke5 29.
Rd5+ Kxe4 30. Re1+ Kf3 31. Qe3+ Kg4 32. Rg1+ Kh4 33.
Qg3# 1-0

[Event "*** Titled Tuesday Blitz"]
[Site "Chess.com"]
[Date "2020.05.05"]
[Round "10"]
[White "ItsCheckM8Mate"]
[Black "WhiteCapital80"]
[Result "0-1"]
[WhiteElo "2262"]
[BlackElo "2436"]
[TimeControl "180+1"]
[EndTime "11:57:09 PDT"]
[Termination "WhiteCapital80 won by resignation"]

1. e4 e6 2. d4 d5 3. exd5 exd5 4. c4 Nf6 5. Nc3 Be7 6. Bd3 dxc4 7. Bxc4 O-O 8.
Nge2 Nbd7 9. O-O Nb6 10. Bb3 c6 11. Ng3 Nfd5 12. Nce4 Re8 13. Nc5 Nd7 14. Nd3 N7f6 15. Ne5 Be6 16. f4 Nc7 17. Bc2 c5 18. f5 Bd5 19. Be3 Bd6 20. Bf4 cxd4 21. Qxd4 Nb5 22.
Qd3 Qb6+ 23. Be3 Bc5 24. Nd7 Bxe3+ 25. Kh1 Nxd7 26. Qxd5 Nf6 27. Qf3 Nd4 28. Bd3 Nxf3 0-1

[Event "*** Titled Tuesday Blitz"]
[Site "Chess.com"]
[Date "2020.05.05"]
[Round "10"]
[White "BasilSmash"]
[Black "Sjakkerntobi"]
[Result "0-1"]
[WhiteElo "2431"]
[BlackElo "2274"]
[TimeControl "180+1"]
[EndTime "11:57:12 PDT"]
[Termination "Sjakkerntobi won by resignation"]

1. d4 Nf6 2. Nf3 e6 3. g3 c5 4. Bg2 Nc6 5. O-O cxd4 6. Nxd4 Be7 7. c4 O-O 8. Nc3 a6 9. b3 Qc7 10. Bb2 b6 11. Rc1 Bb7 12. Nd5 Qd8 13. Nxe7+ Qxe7 14. Qd2 Rfd8 15. Rfd1 Rac8 16. h3 d6 17. e3 Ne5 18.
f3 d5 19. f4 Nc6 20. Nxc6 Bxc6 21. Qc3 dxc4 22. bxc4 Bxg2 23. Kxg2 Qc5 24. g4 Qc6+ 25.
Kh2 Qf3 26. g5 Rxd1 27. Rxd1 Qe2+ 28. Kh1 Qxd1+ 29. Kh2 Qe2+ 30. Kh1 Rd8 0-1

[Event "*** Titled Tuesday Blitz"]
[Site "Chess.com"]
[Date "2020.05.05"]
[Round "10"]
[White "CHENNAIBOND"]
[Black "mirochka"]
[Result "0-1"]
[WhiteElo "1258"]
[BlackElo "2133"]
[TimeControl "180+1"]
[EndTime "11:57:14 PDT"]
[Termination "mirochka won by resignation"]

1. e4 c5 2. Nf3 Nc6 3. Bb5 Nd4 4. Nxd4 cxd4 5. O-O g6 6. c3 Bg7 7. cxd4 Bxd4 8. Nc3 Nf6 9. Ne2 Be5 10. d4 Bc7 11. Nc3 O-O 12. e5 Ne8 13. Re1 d6 14. f4 Ng7 15. Be3 a6 16. Bf1 Bf5 17. g4 Bd7 18.
Bd3 dxe5 19. dxe5 Bb6 20. Qf3 Bc6 21. Be4 Bxe3+ 22. Rxe3 Qb6 23. Bxc6 bxc6 24. f5 Rad8 0-1

[Event "*** Titled Tuesday Blitz"]
[Site "Chess.com"]
[Date "2020.05.05"]
[Round "10"]
[White "dianosky"]
[Black "DanielTitichoca"]
[Result "0-1"]
[WhiteElo "2415"]
[BlackElo "2315"]
[TimeControl "180+1"]
[EndTime "11:57:15 PDT"]
[Termination "DanielTitichoca won by checkmate"]

1. d4 Nf6 2. c4 g6 3. Nc3 Bg7 4. e4 O-O 5. f4 d6 6. Be2 c5 7. d5 e6 8. Nf3 exd5 9. cxd5 Re8 10. Nd2 Na6 11. O-O Nc7 12. a4 b6 13. Qc2 a6 14. h3 Rb8 15. Re1 b5 16. axb5 axb5 17.
Ra7 Bd7 18. b4 cxb4 19. Na2 Nfxd5 20. Nf3 Nc3 21. Nxb4 Ne6 22. Bb2 Qb6+ 23. Kh2 Qxa7 24. Bxc3 Rbc8 25. Nd5 Nxf4 26. Qb2 Bxc3 27. Nxc3 Qf2 28.
Rf1 Qxg2# 0-1

[Event "*** Titled Tuesday Blitz"]
[Site "Chess.com"]
[Date "2020.05.05"]
[Round "10"]
[White "silverback96"]
[Black "Piotrek1979"]
[Result "1-0"]
[WhiteElo "2141"]
[BlackElo "2272"]
[TimeControl "180+1"]
[EndTime "11:57:16 PDT"]
[Termination "silverback96 won by resignation"]

1. Nf3 Nf6 2. g3 g6 3. b3 Bg7 4.
Bb2 O-O 5. Bg2 d6 6. O-O c5 7. c4 Nc6 8. d4 Ne4 9. Nc3 f5 10. Rc1 Qa5 11. e3 Bd7 12. Nxe4 fxe4 13. Ng5 cxd4 14.
exd4 Qxg5 15. Bxe4 Bh3 16. Re1 Kh8 17. Qe2 Rf7 18. f4 Rxf4 19. Bg2 Nxd4 20. Qe3 Rg4 21.
Bxh3 Ne2+ 22. Qxe2 Rxg3+ 23. hxg3 Qxg3+ 24. Bg2 Bxb2 25. Qxb2+ e5 26. Rf1 Qe3+ 27. Qf2 Qg5 28. Qf6+ Qxf6 29. Rxf6 1-0

[Event "*** Titled Tuesday Blitz"]
[Site "Chess.com"]
[Date "2020.05.05"]
[Round "10"]
[White "TregubovP"]
[Black "SamuelGhimpu2003"]
[Result "1/2-1/2"]
[WhiteElo "2520"]
[BlackElo "2681"]
[TimeControl "180+1"]
[EndTime "11:57:21 PDT"]
[Termination "Game drawn by agreement"]

1. e4 e6 2. d4 d5 3. exd5 exd5 4. Nf3 Nf6 5. Bd3 Bd6 6. Qe2+ Qe7 7. Qxe7+ Kxe7 8. O-O Re8 9. Re1+ Kf8 10. Rxe8+ Nxe8 11.
Nbd2 Nc6 12. c3 Nf6 13. b4 Ne7 14. Nb3 Bf5 15. Bxf5 Nxf5 16. Bd2 h5 17. a4 g6 18.
a5 a6 19. Nc5 Bxc5 20. bxc5 Ne4 21. Rb1 Rb8 22. Rb3 Nxd2 23. Nxd2 c6 24. Nf3 f6 25.
Kf1 Kf7 26. h4 Ke8 27. Ke2 Ng7 28. Kd3 Ne6 29. g3 Nc7 30. Rb1 Nb5 31. Rg1 Kf7 32.
Ne1 Re8 33. Ng2 Na3 34. Ne3 1/2-1/2

[Event "*** Titled Tuesday Blitz"]
[Site "Chess.com"]
[Date "2020.05.05"]
[Round "10"]
[White "ljuks68"]
[Black "LiamPutnam2008"]
[Result "0-1"]
[WhiteElo "2380"]
[BlackElo "2540"]
[TimeControl "180+1"]
[EndTime "11:57:21 PDT"]
[Termination "LiamPutnam2008 won by resignation"]

1. e4 c5 2. Nf3 d6 3. d4 cxd4 4. Nxd4 Nf6 5. Nc3 g6 6. Be3 Bg7 7. f3 O-O 8. Qd2 Nc6 9. O-O-O Bd7 10. g4 Rc8 11. Kb1 Ne5 12. Be2 Nc4 13. Bxc4 Rxc4 14. h4 h5 15. g5 Ne8 16. Nd5 Nc7 17. b3 Nxd5 18. exd5 Rc8 19. f4 Bg4 20. Rde1 Qd7 21. Qd3 a5 22. a4 Bxd4 23. Qxd4 Bf5 24. Rh2 b5 25. axb5 Qxb5 26. Bc1 Qxb3+ 27. Bb2 Bxc2+ 28. Rxc2 Qxc2+ 29. Ka1 f6 30. Rxe7 Rc4 31. Rg7+ Kxg7 32.
gxf6+ Kh7 33. Qa7+ Rc7 34. Qd4 Rb8 35. f7 Rxf7 0-1

[Event "*** Titled Tuesday Blitz"]
[Site "Chess.com"]
[Date "2020.05.05"]
[Round "10"]
[White "SaySpade4VIP"]
[Black "keepitcool9499"]
[Result "1-0"]
[WhiteElo "2613"]
[BlackElo "2465"]
[TimeControl "180+1"]
[EndTime "11:57:23 PDT"]
[Termination "SaySpade4VIP won by checkmate"]

1. d4 Nf6 2. Bg5 e6 3. Nd2 Be7 4.
e3 d5 5. Bd3 c5 6. c3 Nc6 7. f4 Nd7 8. Bxe7 Qxe7 9. Ngf3 f5 10. Ne5 Nf6 11. O-O O-O 12. Kh1 Bd7 13. Qe2 a6 14. Ndf3 Kh8 15. Rg1 Ng4 16. Nxg4 fxg4 17. Ne5 Nxe5 18. dxe5 Qh4 19. g3 Qh5 20. Rgf1 g5 21.
Rf2 gxf4 22. exf4 Be8 23. Raf1 Bg6 24. f5 Bxf5 25. Bxf5 Rxf5 26. Rxf5 exf5 27. e6 Re8 28. Qe5+ Kg8 29. Rxf5 Qh6 30. Rg5+ Kf8 31. Qf4+ Ke7 32. Qf7+ Kd6 33. Qd7# 1-0

[Event "*** Titled Tuesday Blitz"]
[Site "Chess.com"]
[Date "2020.05.05"]
[Round "10"]
[White "swimmerchess"]
[Black "Gyapiking"]
[Result "1-0"]
[WhiteElo "2732"]
[BlackElo "2502"]
[TimeControl "180+1"]
[EndTime "11:57:24 PDT"]
[Termination "swimmerchess won by resignation"]

1. e4 Nc6 2. Nf3 e5 3. Bb5 a6 4.
Ba4 d6 5. O-O Bg4 6. c3 Qf6 7. d4 Bxf3 8. Qxf3 Qxf3 9. gxf3 b5 10. Bb3 exd4 11. a4 Rb8 12. axb5 axb5 13. Ra6 Nge7 14. Bd5 Nxd5 15. Rxc6 Nf6 16. Rxc7 dxc3 17. Nxc3 Be7 18. Bg5 Bd8 19. Rc6 b4 20. Ne2 Rb6 21. Rfc1 O-O 22. Rxb6 Bxb6 23. Bxf6 gxf6 24. Rc6 Bc5 25. Nf4 Ra8 26. Nd3 Ra1+ 27. Kg2 Rb1 28. Kg3 Bd4 29. Rxd6 Bxb2 30. Nxb2 Rxb2 31. Rxf6 Rb1 32.
Rb6 b3 33. Kf4 Kg7 34. h4 h6 35. Kf5 b2 36. f4 Rh1 37. Rxb2 Rxh4 38. e5 Rh2 39.
Rb7 Rxf2 40. e6 h5 41. Rxf7+ Kg8 42. Kg6 h4 43. e7 Rg2+ 44. Kf6 Re2 45. Rf8+ Kh7 46.
e8=Q 1-0

[Event "*** Titled Tuesday Blitz"]
[Site "Chess.com"]
[Date "2020.05.05"]
[Round "10"]
[White "Camels1981"]
[Black "IriBu"]
[Result "1-0"]
[WhiteElo "2276"]
[BlackElo "2437"]
[TimeControl "180+1"]
[EndTime "11:57:25 PDT"]
[Termination "Camels1981 won by resignation"]

1. e4 c5 2. Nf3 a6 3. Nc3 d6 4. d4 cxd4 5. Nxd4 Nf6 6. Bc4 e6 7. Bb3 Nbd7 8. O-O Nc5 9. f4 Ke7 10. e5 Ne8 11. f5 dxe5 12. Qf3 exd4 13. fxe6 Bxe6 14. Bxe6 fxe6 15. Bg5+ Nf6 16. Bxf6+ gxf6 17. Qxf6+ Kd7 18. Qxh8 dxc3 19. Rad1+ Bd6 20. Qxc3 Qb6 21. Rf7+ Ke8 22. Qg7 Ne4+ 23. Kf1 Qb5+ 24. Ke1 Qc5 25. Rf8+ 1-0

[Event "*** Titled Tuesday Blitz"]
[Site "Chess.com"]
[Date "2020.05.05"]
[Round "10"]
[White "Sven_Tica"]
[Black "Natalya_Buksa"]
[Result "0-1"]
[WhiteElo "2677"]
[BlackElo "2509"]
[TimeControl "180+1"]
[EndTime "11:57:26 PDT"]
[Termination "Natalya_Buksa won by resignation"]

1. d4 d5 2. c4 e6 3. Nf3 Nf6 4. g3 Bb4+ 5. Bd2 Be7 6. Bg2 O-O 7. O-O c6 8. Qc2 Nbd7 9. Bf4 a5 10. a4 Nb8 11. Rd1 Na6 12. b3 Nb4 13. Qb2 b6 14. Ne5 Ba6 15. Nc3 Rc8 16. Rac1 Nd7 17. e4 Nxe5 18. Bxe5 dxc4 19. d5 Nd3 20. Rxd3 cxd3 21.
dxe6 f6 22. Bf4 Bb4 23. Bh3 Qe7 24. Nd1 Ba3 25. Qb1 Bxc1 26. Qxc1 Rfd8 27. Qd2 Rd4 28.
Be3 Rxe4 29. Bxb6 Rb8 30. Qxa5 Bc8 31. Bc5 Qe8 32. Bf5 Rxe6 33. Bxe6+ Bxe6 34. b4 Bd5 35. Ne3 Qe4 36. Nxd5 Qxd5 37. Qc7 Re8 38. Be3 d2 0-1

[Event "*** Titled Tuesday Blitz"]
[Site "Chess.com"]
[Date "2020.05.05"]
[Round "10"]
[White "DortmundCity"]
[Black "vanea_03"]
[Result "1-0"]
[WhiteElo "2474"]
[BlackElo "2640"]
[TimeControl "180+1"]
[EndTime "11:57:27 PDT"]
[Termination "DortmundCity won by resignation"]

1. e4 e5 2. Nf3 Nc6 3. Bc4 Nf6 4. d3 Bc5 5. c3 a6 6. O-O d6 7. a4 Ba7 8. h3 O-O 9. Re1 h6 10. Nbd2 Re8 11. Nf1 Be6 12. Bxe6 Rxe6 13. Be3 d5 14. Bxa7 Rxa7 15. exd5 Nxd5 16. d4 e4 17. N3d2 f5 18. Qb3 Kh8 19. a5 Rg6 20. Ng3 Nf4 21. Qf7 Ne7 22.
Ndxe4 Nd3 23. Nc5 Nxe1 24. Rxe1 Ra8 25. Rxe7 Rg5 26. Nxf5 Qf8 27. Nxh6 1-0

[Event "*** Titled Tuesday Blitz"]
[Site "Chess.com"]
[Date "2020.05.05"]
[Round "10"]
[White "IMRosen"]
[Black "Orest_Vovk"]
[Result "1-0"]
[WhiteElo "2562"]
[BlackElo "2427"]
[TimeControl "180+1"]
[EndTime "11:57:28 PDT"]
[Termination "IMRosen won by resignation"]

1. d4 Nf6 2. Bf4 d6 3. Nc3 Nbd7 4. Nf3 g6 5. Qd2 Bg7 6. Bh6 O-O 7. e4 c5 8. Bxg7 Kxg7 9. e5 Ne8 10. exd6 exd6 11. O-O-O Nef6 12. h4 h5 13. Ng5 Qb6 14. Bc4 cxd4 15.
Qxd4 Qxd4 16. Rxd4 Ne5 17. Be2 Bf5 18. Rxd6 Nh7 19. Nxh7 Kxh7 20. f4 Nc6 21. Bf3 Rac8 22. Bxc6 Rxc6 23. Rxc6 bxc6 24. Re1 Be6 25. Ne4 Kg7 26.
Nc5 Bd5 27. g3 Rb8 28. b3 Rb5 29. Nd3 Be6 30. c4 Rb8 31. Nc5 Kf6 32. Rxe6+ fxe6 33. Nd7+ Kf5 34. Nxb8 Kg4 35. Nxc6 Kxg3 36. Ne5 Kxh4 37.
Nxg6+ Kg4 38. c5 Kf5 39. Nh4+ Kf6 1-0

[Event "*** Titled Tuesday Blitz"]
[Site "Chess.com"]
[Date "2020.05.05"]
[Round "10"]
[White "oneshot007"]
[Black "RitvarsReimanis"]
[Result "0-1"]
[WhiteElo "2403"]
[BlackElo "2539"]
[TimeControl "180+1"]
[EndTime "11:57:28 PDT"]
[Termination "RitvarsReimanis won by resignation"]

1. e4 c5 2. Nf3 Nc6 3. Nc3 Nf6 4. d4 cxd4 5. Nxd4 e5 6. Ndb5 d6 7. Nd5 Nxd5 8. exd5 Ne7 9. c4 Ng6 10. Qa4 Bd7 11. Qb4 Qb8 12. h4 a6 13. Nc3 a5 14.
Qb3 a4 15. Qc2 Be7 16. h5 Nh4 17. Ne4 Nf5 18. h6 g6 19. Qd1 Qc7 20. Bd3 Nd4 21. g4 f5 22. gxf5 Bxf5 23. Nc3 O-O 24. Be3 Nf3+ 25.
Ke2 Bg4 0-1

[Event "*** Titled Tuesday Blitz"]
[Site "Chess.com"]
[Date "2020.05.05"]
[Round "10"]
[White "annacramling"]
[Black "manuellarrea"]
[Result "0-1"]
[WhiteElo "1930"]
[BlackElo "2187"]
[TimeControl "180+1"]
[EndTime "11:57:28 PDT"]
[Termination "manuellarrea won by checkmate"]

1. d4 Nf6 2. c4 e6 3. Nc3 d5 4.
cxd5 exd5 5. Bg5 c6 6. e3 Bd6 7. Bd3 Nbd7 8. Qd2 Nf8 9. f3 Ng6 10. Nge2 h6 11. Bxg6 hxg5 12. Bd3 Rxh2 13. Rxh2 Bxh2 14. g3 Qd6 15. Kf2 Nh5 16. f4 gxf4 17.
gxf4 Qf6 18. Kg2 Qh4 19. Rh1 Qh3+ 20. Kf2 Bg4 21. Qe1 Qf3# 0-1

[Event "*** Titled Tuesday Blitz"]
[Site "Chess.com"]
[Date "2020.05.05"]
[Round "10"]
[White "Borsuk_Konstantin"]
[Black "Oglob71"]
[Result "1-0"]
[WhiteElo "2624"]
[BlackElo "2474"]
[TimeControl "180+1"]
[EndTime "11:57:29 PDT"]
[Termination "Borsuk_Konstantin won by resignation"]

1. d4 Nf6 2. c4 e6 3. Nc3 Bb4 4. Qc2 Nc6 5. e3 O-O 6. a3 Bxc3+ 7. Qxc3 Ne4 8. Qc2 f5 9. f3 Nf6 10. Nh3 d6 11. Nf2 e5 12. d5 Nb8 13. Bd3 Qe7 14.
e4 f4 15. b4 a5 16. Bb2 Nbd7 17. Ke2 g5 18. Bc3 b6 19. Kd2 Nh5 20. Be2 Ndf6 21. Rhb1 a4 22. Rg1 Kh8 23. Kc1 Bd7 24.
Kb2 Ng7 25. Raf1 c6 26. Qd2 Rfc8 27. g4 cxd5 28. cxd5 b5 29. Bd3 Rab8 30. Qe2 Qe8 31. Rc1 Rc7 32. Bd2 Rbc8 33. Rxc7 Rxc7 34. Nd1 Qb8 35.
Qf2 h6 36. Nc3 Kg8 37. Rc1 Nfe8 38. Be1 Kf7 39. Qe2 h5 40. Nxb5 Rxc1 41. Kxc1 Qb6 42.
Bf2 Qb7 43. h3 hxg4 44. hxg4 Nc7 45. Nxd6+ Ke7 46. Nxb7 1-0

[Event "*** Titled Tuesday Blitz"]
[Site "Chess.com"]
[Date "2020.05.05"]
[Round "10"]
[White "levallem"]
[Black "czasnaszachy"]
[Result "1-0"]
[WhiteElo "2120"]
[BlackElo "2229"]
[TimeControl "180+1"]
[EndTime "11:57:33 PDT"]
[Termination "levallem won by resignation"]

1. d4 Nf6 2. c4 g6 3. Nc3 Bg7 4. Nf3 d6 5. e4 O-O 6. Be2 Nc6 7. d5 Ne5 8. Nxe5 dxe5 9. Be3 e6 10. f3 exd5 11. cxd5 Ne8 12. O-O Nd6 13. Rc1 f5 14. Nb5 Rf7 15. Qc2 Nxb5 16. Bxb5 f4 17. Bf2 a6 18. Bc4 Qd6 19. Rfd1 Bd7 20. Bb3 b6 21. Qxc7 Qxc7 22. Rxc7 Rc8 23. Rxc8+ Bxc8 24. Rc1 Bd7 25. Bxb6 Kf8 26. Rc7 Ke8 27. Bc4 Rf6 28.
Ba5 Bf8 29. b4 Be7 30. Ra7 Bd8 31. Ra8 Ke7 32. Bxd8+ 1-0

[Event "*** Titled Tuesday Blitz"]
[Site "Chess.com"]
[Date "2020.05.05"]
[Round "10"]
[White "djano"]
[Black "svilson23"]
[Result "1-0"]
[WhiteElo "2424"]
[BlackElo "2255"]
[TimeControl "180+1"]
[EndTime "11:57:35 PDT"]
[Termination "djano won by resignation"]

1. d4 d5 2. Bf4 e6 3. Nd2 Bd6 4. e3 Nd7 5. Ngf3 Bxf4 6. exf4 Ngf6 7. Bd3 O-O 8. c3 c5 9. O-O c4 10. Bc2 b5 11. Re1 Nb6 12. Ne5 a5 13. Qf3 b4 14.
Qh3 g6 15. Qh4 Bd7 16. Ndf3 Kg7 17. g4 h5 18. h3 hxg4 19. hxg4 Rh8 20. Qg3 Qg8 21. Ng5 Be8 22. f5 Nbd7 23. fxe6 fxe6 24. Nef3 Ra6 25. Re2 Bf7 26. Rae1 Qb8 27. Nxf7 Qxg3+ 28. fxg3 Kxf7 29. Ng5+ Ke7 30. Rxe6+ Rxe6 31. Rxe6+ Kf8 32. Bxg6 1-0

[Event "*** Titled Tuesday Blitz"]
[Site "Chess.com"]
[Date "2020.05.05"]
[Round "10"]
[White "FROGGY64"]
[Black "tgpgoat"]
[Result "1-0"]
[WhiteElo "2442"]
[BlackElo "2116"]
[TimeControl "180+1"]
[EndTime "11:57:36 PDT"]
[Termination "FROGGY64 won by resignation"]

1. d4 Nf6 2. c4 c5 3. d5 b5 4. Qc2 bxc4 5. e4 d6 6. Bxc4 Ba6 7. b3 Bxc4 8. bxc4 g6 9. Nc3 Bg7 10. Bd2 O-O 11. Nf3 Nbd7 12. O-O Nb6 13. Qd3 Nfd7 14.
Rab1 Qc8 15. Nb5 a6 16. Nc3 Qc7 17. a4 Ne5 18. Nxe5 Bxe5 19. a5 Nd7 20. f4 Bd4+ 21. Kh1 Qxa5 22. Ne2 Qc7 23. Nxd4 cxd4 24. Qxd4 Qc5 25.
Qd3 Rfc8 26. Rfc1 a5 27. Be3 Qc7 28. Bd4 a4 29. Ra1 Qb7 30. e5 dxe5 31. fxe5 Nf8 32.
Qf3 Qb4 33. Rf1 Qxc4 34. Qxf7+ Kh8 35. Rad1 e6 36. d6 Qc6 37. Qf6+ Kg8 38. Be3 Qd7 39. Bh6 a3 40. Qe7 Qxe7 41. dxe7 Nd7 42. Rxd7 a2 43.
Rdd1 Re8 44. Rf8+ Rxf8 45. exf8=Q+ Rxf8 46. Bxf8 Kxf8 47. Ra1 1-0

[Event "*** Titled Tuesday Blitz"]
[Site "Chess.com"]
[Date "2020.05.05"]
[Round "10"]
[White "crazy_but_lazy"]
[Black "Kaponov"]
[Result "1-0"]
[WhiteElo "2368"]
[BlackElo "2050"]
[TimeControl "180+1"]
[EndTime "11:57:36 PDT"]
[Termination "crazy_but_lazy won by checkmate"]

1. Nf3 Nf6 2. b3 g6 3. Bb2 Bg7 4. e3 O-O 5. Be2 d6 6. O-O e5 7. d4 exd4 8. exd4 d5 9. Nbd2 Bf5 10. Re1 c6 11. h3 h5 12. Nf1 Nbd7 13. Bd3 Bxd3 14. Qxd3 Re8 15. a4 Qc7 16. Ne5 Ne4 17.
f3 Nd6 18. Ng3 Re7 19. Re2 Rae8 20. Rae1 h4 21. Nf1 Nf5 22. Ne3 Nxe5 23. dxe5 Bxe5 24. Nxf5 Bh2+ 25. Kf1 Rxe2 26. Rxe2 Rxe2 27. Qxe2 gxf5 28. Qe8+ Kh7 29. Qh8+ Kg6 30. Qf6+ Kh5 31. Qxf5+ Kh6 32. Qf6+ Kh5 33. Bc1 Qg3 34. Qh6# 1-0

[Event "*** Titled Tuesday Blitz"]
[Site "Chess.com"]
[Date "2020.05.05"]
[Round "10"]
[White "Tsyhanchuk_Stanislav"]
[Black "Anuar_Is"]
[Result "0-1"]
[WhiteElo "2587"]
[BlackElo "2768"]
[TimeControl "180+1"]
[EndTime "11:57:38 PDT"]
[Termination "Anuar_Is won by resignation"]

1. e4 c5 2. Nf3 Nc6 3. d4 cxd4 4. Nxd4 Nf6 5. Nc3 e5 6. Ndb5 d6 7. Bg5 a6 8. Na3 b5 9. Nd5 Be7 10. Bxf6 Bxf6 11. c4 Nd4 12. cxb5 Bb7 13. Bc4 axb5 14. Nxb5 Bxd5 15. exd5 Qa5+ 16. Nc3 Qb4 17. Qd3 O-O 18. O-O Rfc8 19. b3 Rxc4 20. Qxc4 Qxc3 21. Rfc1 Qxc4 22. Rxc4 Nxb3 23. Rd1 Nd4 24. a4 Bd8 25. Rb1 g6 26.
Rb7 Bg5 27. g3 h5 28. h4 Bd8 29. Kg2 Kf8 30. Rd7 Ke8 31. Rxd6 Ke7 32. Rdc6 Nxc6 33. dxc6 Bc7 34. Kf3 f5 35. Ke2 Kd6 36. Kd3 Ra6 0-1

[Event "*** Titled Tuesday Blitz"]
[Site "Chess.com"]
[Date "2020.05.05"]
[Round "10"]
[White "DanielMieles1985"]
[Black "GiorgianBarbosa"]
[Result "1-0"]
[WhiteElo "2622"]
[BlackElo "2358"]
[TimeControl "180+1"]
[EndTime "11:57:39 PDT"]
[Termination "DanielMieles1985 won by resignation"]

1. e4 c5 2. Nf3 g6 3. d4 cxd4 4. Nxd4 Bg7 5. Nc3 Nc6 6. Be3 Nf6 7. Bc4 O-O 8. Bb3 Re8 9. Nxc6 dxc6 10. Qxd8 Rxd8 11.
f3 b6 12. a4 Bb7 13. a5 c5 14. Kf2 Nd7 15. Rhd1 Ne5 16. Rxd8+ Rxd8 17. axb6 axb6 18.
Ra7 Rb8 19. Bd5 Bxd5 20. Nxd5 e6 21. Nxb6 Rxb6 22. Ra8+ Bf8 23. Rxf8+ Kg7 24. b3 Rc6 25.
Rb8 c4 26. b4 Rd6 27. b5 c3 28.
Ke2 Nc4 29. b6 Nxe3 30. Kxe3 Rd2 31. b7 Rxc2 32. Rc8 Rb2 33. b8=Q Rxb8 34. Rxb8 1-0

[Event "*** Titled Tuesday Blitz"]
[Site "Chess.com"]
[Date "2020.05.05"]
[Round "10"]
[White "ilya261991"]
[Black "ChelsieMonica"]
[Result "0-1"]
[WhiteElo "2493"]
[BlackElo "2364"]
[TimeControl "180+1"]
[EndTime "11:57:39 PDT"]
[Termination "ChelsieMonica won by resignation"]

1. c4 Nf6 2. Nc3 e5 3. d3 Bb4 4. Bd2 O-O 5. g3 c6 6. Bg2 d6 7. a3 Ba5 8. e3 Bg4 9. Nge2 Nbd7 10. O-O Bc7 11. Qc2 Rc8 12. h3 Bh5 13. b4 Bb8 14. b5 Bg6 15. e4 cxb5 16. Nxb5 a6 17. Nbc3 d5 18. exd5 Rxc4 19. Rab1 b5 20. Rb4 Bd6 21.
Rxc4 bxc4 22. Ne4 cxd3 23. Qxd3 Nxe4 24. Bxe4 Nc5 25. Bxg6 Nxd3 26. Bxd3 f5 27. Nc3 e4 28.
Bxa6 Qa5 29. Bb7 e3 30. fxe3 Qxa3 31. Kg2 Qb2 0-1

[Event "*** Titled Tuesday Blitz"]
[Site "Chess.com"]
[Date "2020.05.05"]
[Round "10"]
[White "Happy1712Drummer"]
[Black "Cocaino74"]
[Result "0-1"]
[WhiteElo "2478"]
[BlackElo "2362"]
[TimeControl "180+1"]
[EndTime "11:57:39 PDT"]
[Termination "Cocaino74 won on time"]

1. d4 d5 2. Nf3 c5 3. c4 dxc4 4. d5 Nf6 5. Nc3 Bf5 6. Ne5 e6 7. e4 Nxe4 8. Nxe4 Bxe4 9. Qa4+ Nd7 10. dxe6 fxe6 11. Bxc4 Bd6 12. Bxe6 Bxe5 13. Qxe4 Qe7 14. Bxd7+ Kxd7 15. Be3 Bc3+ 0-1

[Event "*** Titled Tuesday Blitz"]
[Site "Chess.com"]
[Date "2020.05.05"]
[Round "10"]
[White "ArnaudovP"]
[Black "zubridis"]
[Result "1-0"]
[WhiteElo "2612"]
[BlackElo "2469"]
[TimeControl "180+1"]
[EndTime "11:57:40 PDT"]
[Termination "ArnaudovP won on time"]

1. Nf3 c5 2. c4 e6 3. Nc3 d5 4. cxd5 exd5 5. d4 Nf6 6. g3 Nc6 7. Bg2 Be7 8. O-O O-O 9. dxc5 d4 10. Na4 Bf5 11. a3 Be4 12. b4 Qd5 13. Bb2 Rfd8 14. Qd2 b5 15. cxb6 Qb5 16. Nc5 Bxc5 17. bxc5 axb6 18. cxb6 Qxb6 19. Rac1 Ra5 20. Rfd1 d3 21. Bxf6 gxf6 22. exd3 Rxd3 23. Qf4 Rxd1+ 24. Rxd1 Qb3 25. Re1 Bxf3 26. Bxf3 Ne5 27. Bg2 Ra6 28. Qh6 Qxa3 29. Rb1 Qd6 30. Rc1 Qd7 31. Bh3 1-0

[Event "*** Titled Tuesday Blitz"]
[Site "Chess.com"]
[Date "2020.05.05"]
[Round "10"]
[White "Aikiigm"]
[Black "TERMINATOR_PC"]
[Result "1-0"]
[WhiteElo "2619"]
[BlackElo "2462"]
[TimeControl "180+1"]
[EndTime "11:57:44 PDT"]
[Termination "Aikiigm won by resignation"]

1. d4 Nf6 2. Nd2 d5 3. Ngf3 Bf5 4. c3 e6 5. h3 h6 6. g4 Bh7 7. Qb3 Qc8 8. e3 c6 9. Ne5 Nbd7 10. f4 Ne4 11. Bg2 Ng3 12. Rg1 Be7 13. Nf1 Bh4 14.
Nxg3 Bxg3+ 15. Ke2 Bh4 16. Bf3 Nxe5 17. dxe5 c5 18. c4 Be4 19. cxd5 exd5 20. Bxe4 dxe4 21. Qa4+ Qd7 22. Qxd7+ Kxd7 23. Bd2 Rad8 24. Rac1 b6 25. Rc4 f5 26. gxf5 Rhf8 27. Rxg7+ Kc6 28. f6 Kd5 29. Rc1 Rg8 30. Bc3 Rxg7 31. fxg7 Ke6 32.
Rg1 Rg8 33. Rg6+ Kf5 34. Rxh6 Be7 35. e6 b5 36. Be5 c4 37. Rh8 1-0

[Event "*** Titled Tuesday Blitz"]
[Site "Chess.com"]
[Date "2020.05.05"]
[Round "10"]
[White "Justinz"]
[Black "Walter_White_Poland"]
[Result "1-0"]
[WhiteElo "2315"]
[BlackElo "2151"]
[TimeControl "180+1"]
[EndTime "11:57:45 PDT"]
[Termination "Justinz won by resignation"]

1. e4 e5 2. Nf3 Nc6 3. Nc3 Nf6 4.
Bb5 Bb4 5. O-O Bxc3 6. dxc3 d6 7.
Qd3 h6 8. h3 O-O 9. Be3 Bd7 10.
Rad1 Qe7 11. c4 a6 12. Ba4 Nb4 13. Qb3 Bxa4 14. Qxa4 c5 15. c3 Nc6 16. Qc2 b5 17. cxb5 axb5 18. a3 Na5 19. Nh4 Nc4 20. Bc1 Qe6 21. Nf5 Rfd8 22. Rfe1 Ne8 23. Rd3 Ra6 24. Red1 Rda8 25. Rg3 Kh7 26. Qe2 g5 27. Qh5 Qg6 28. Rxg5 Qxh5 29. Rxh5 Nf6 30. Rxh6+ Kg8 31. Rxf6 1-0

[Event "*** Titled Tuesday Blitz"]
[Site "Chess.com"]
[Date "2020.05.05"]
[Round "10"]
[White "ninullia"]
[Black "FeketeBarika"]
[Result "1-0"]
[WhiteElo "2459"]
[BlackElo "2309"]
[TimeControl "180+1"]
[EndTime "11:57:48 PDT"]
[Termination "ninullia won by resignation"]

1. d4 e6 2. c4 d5 3. Nf3 Nf6 4. Nc3 Be7 5. Bg5 O-O 6. e3 h6 7. Bh4 Ne4 8. Bxe7 Qxe7 9. Qc2 Nxc3 10. Qxc3 dxc4 11. Bxc4 b6 12. O-O Nd7 13. Bd3 c5 14. Bb5 cxd4 15. Nxd4 Nc5 16. Bc6 Bb7 17. b4 Ne4 18.
Qc2 Nf6 19. b5 Rac8 20. Qa4 e5 21. Nf5 Qc7 22. Bxb7 Qxb7 23. Nd6 Qd7 24. Nxc8 Rxc8 25. Rfd1 Qf5 26. Rac1 Rf8 27. h3 Ne4 28. Qc2 Qg6 29.
f3 Nc5 30. Qxg6 fxg6 31. Rd6 g5 32. e4 Kh7 33. a4 Nxa4 34. Rc7 Nc5 35. Rxa7 1-0

[Event "*** Titled Tuesday Blitz"]
[Site "Chess.com"]
[Date "2020.05.05"]
[Round "10"]
[White "Micki-taryan"]
[Black "penguingm1"]
[Result "1-0"]
[WhiteElo "3081"]
[BlackElo "2846"]
[TimeControl "180+1"]
[EndTime "11:57:49 PDT"]
[Termination "Micki-taryan won on time"]

1. d4 d5 2. c4 e6 3. Nf3 Nf6 4.
Nc3 Be7 5. Bg5 h6 6. Bxf6 Bxf6 7. e3 O-O 8. Rc1 c5 9. dxc5 Qa5 10. cxd5 exd5 11.
Be2 Na6 12. O-O Nxc5 13. b4 Qa3 14. Nxd5 Ne4 15. Bd3 Nc3 16. Nxf6+ gxf6 17. Qd2 Nd5 18. e4 Nxb4 19. Rc3 Qxa2 20. Qxh6 Qe6 21. Nd4 Qe5 22. Bc4 1-0